 Dungeon Crawl Stone Soup version 0.31.0-12-g77e489cdc1 (webtiles) character file.

Game seed: 15610791607516421553

2975 Silvore the Carver (level 9, -2/69 HPs)
             Began as a Demonspawn Fighter on Feb 16, 2024.
             Slain by a vault guard
             ... wielding a +0 broad axe
              (14 damage)
             ... in a bailey.
             The game lasted 00:08:04 (6085 turns).

Silvore the Carver (Demonspawn Fighter)             Turns: 6085, Time: 00:08:05

Health: -2/69      AC: 15    Str: 20    XL:     9   Next: 53%
Magic:  9/9        EV:  5    Int:  8    God:
Gold:   346        SH:  9    Dex: 14    Spells: 8/8 levels left

rFire   . . .        k - +2 double sword of Animal Spirits {flame, ^Contam Will+ SInv}
rCold   . . .        A - +0 kite shield
rNeg    . . .        v - +0 plate armour
rPois   .            (no helmet)
rElec   .            n - +1 cloak
rCorr   +            (no gloves)
SInv    +            (no boots)
Will    ++...        (no amulet) Stlth
                     j - ring of willpower
HPRegen 0.31/turn    w - ring of resist corrosion
MPRegen 0.11/turn

%: no passive effects
@: mighty, studying Shields
A: hooves 1, powered by pain 3, spiny 1
a: no special abilities


You were in a bailey.
You visited 1 branch of the dungeon, and saw 7 of its levels.
You also visited: Bailey.

You collected 346 gold pieces.

Inventory:

Hand Weapons
 a - a +0 long sword
 f - the +4 mace of Fortitude {drain, rN+ Will+ SInv}
   (You found it on level 2 of the Dungeon)

   rN+:       It protects you from negative energy.
   Will+:     It increases your willpower.
   SInv:      It lets you see invisible.
 k - the +2 double sword of Animal Spirits (weapon) {flame, ^Contam Will+ SInv}
   (You acquired it on level 4 of the Dungeon)

   Will+:     It increases your willpower.
   SInv:      It lets you see invisible.
   ^Contam:   It causes magical contamination when unequipped.
Armour
 b - a +0 scale mail
 c - a +0 buckler
 n - a +1 cloak (worn)
 v - a +0 plate armour (worn)
 x - a +0 chain mail
 A - a +0 kite shield (worn)
Jewellery
 j - a ring of willpower (left hand)
 o - a ring of willpower
 w - a ring of resist corrosion (right hand)
Scrolls
 e - a scroll of teleportation
 h - a scroll of poison
 i - a scroll of fog
 p - a scroll of silence
 t - a scroll of butterflies
 u - a scroll of vulnerability
 y - a scroll of immolation
Potions
 d - 2 potions of ambrosia {unknown}
 g - 7 potions of mutation
 l - a potion of curing
 m - 3 potions of cancellation
 q - a potion of heal wounds
 s - a potion of brilliance {unknown}
 z - a potion of magic {unknown}


   Skills:
 + Level 6.2 Fighting
 + Level 8.8 Long Blades
 + Level 6.3 Armour
 + Level 2.0 Dodging
 + Level 0.4 Stealth
 + Level 4.6 Shields


You had 8 spell levels left.
You didn't know any spells.
Your spell library contained the following spells:

 Spells                   Type           Power      Damage    Failure   Level
 Freeze                   Ice            0%         1d3       100%        1
 Mercury Vapours          Alch/Air       0%         N/A       100%        2
 Call Canine Familiar     Summ           0%         N/A       100%        3
 Frozen Ramparts          Ice            0%         1d1       100%        3
 Hailstorm                Conj/Ice       0%         3d5       100%        3
 Mephitic Cloud           Conj/Alch/Air  0%         N/A       100%        3
 Sigil of Binding         Hex            0%         N/A       100%        3
 Tukima's Dance           Hex            0%         N/A       100%        3
 Dimensional Bullseye     Hex/Tloc       0%         N/A       100%        4
 Passage of Golubria      Tloc           0%         N/A       100%        4
 Freezing Cloud           Conj/Ice/Air   0%         6-21      100%        5
 Yara's Violent Unravell  Hex/Alch       0%         3d3       100%        5


Dungeon Overview and Level Annotations

Branches:
Dungeon (7/15)             Temple (0/1) D:7          Bailey (1/1)

Altars:
Cheibriados
Nemelex Xobeh
Yredelemnul

Shops:
D:6 =   D:7 (

Annotations:
D:7 3 runed translucent doors, Swimmer's ghost, novice MiFi


Innate Abilities, Weirdness & Mutations

You have large cloven feet.
You are powered by pain.
You are partially covered in sharp spines.


Message History

The blink frog is struck by your spines.
The blink frog barely misses you.
You closely miss the vault guard. Your kick misses the vault guard.
The vault guard is moderately wounded.
The blink frog blinks!
The vault guard is struck by your spines.
The vault guard hits you with a +0 broad axe.
The blink frog blinks!
You block the vault guard's attack.
You slash the vault guard! You burn the vault guard.
The vault guard is heavily wounded.
The blink frog is struck by your spines.
The blink frog barely misses you.
The vault guard hits you with a +0 broad axe!!
* * * LOW HITPOINT WARNING * * *
The blink frog is struck by your spines.
The blink frog hits you but does no damage.
It was a potion of curing.
You feel better. You block the blink frog's attack.
The vault guard is struck by your spines.
The vault guard hits you with a +0 broad axe!
* * * LOW HITPOINT WARNING * * *
You focus on the pain.
You feel mightier all of a sudden.
It was a potion of heal wounds.
You feel much better. You block the blink frog's attack.
You block the vault guard's attack.
You barely miss the vault guard.
The vault guard is heavily wounded.
The blink frog blinks!
You block the vault guard's attack.
You barely miss the vault guard. You kick the vault guard!
The vault guard is severely wounded.
The vault guard hits you with a +0 broad axe!
* * * LOW HITPOINT WARNING * * *
You hit the vault guard. You burn the vault guard. You kick the vault guard.
The vault guard is almost dead.
You block the vault guard's attack.
The blink frog is struck by your spines.
You kill the blink frog!
You closely miss the vault guard.
The vault guard is severely wounded.
The vault guard hits you with a +0 broad axe!
You die...

#≈~~~..).~≈#
#≈~~~...~~≈##
#≈~~~~...~~≈###+#
#≈~~~~~.~..~≈≈≈.#
##≈~~~~........##
#≈~~.......~~~#
##≈~~##'##~~~##
##≈##.†.##~##
###..@..###
#..p..# #.....#
#.....# #!?.??#
##!!$## #####


You could see a vault guard.

Vanquished Creatures
  Grinder (D:5)
  A blink frog (Bailey)
  Sigmund (D:6)
  2 humans (Bailey)
  2 ice beasts
  An ogre (D:5)
  A centaur (D:7)
  3 phantoms
  11 bullfrogs
  A kobold brigand (D:6)
  2 scorpions
  A howler monkey (D:5)
  2 jellies (D:5)
  2 orc priests
  2 hounds
  2 iguanas
  2 gnoll boudas
  A sleepcap (D:4)
  2 orc wizards
  9 adders
  9 gnolls
  A shadow imp (D:5)
  A white imp (D:7)
  A ribbon worm (D:2)
  3 dart slugs
  20 orcs
  15 ball pythons
  3 bats
  6 endoplasms
  6 giant cockroaches
  15 goblins
  4 hobgoblins
  5 jackals (D:4)
  11 kobolds
  2 quokkas
  7 frilled lizards
  7 rats
165 creatures vanquished.

Notes
Turn   | Place    | Note
-------+----------+-------------------------------------------
     0 | D:1      | Silvore the Demonspawn Fighter began the quest for the Orb.
     0 | D:1      | Reached XP level 1. HP: 18/18 MP: 1/1
   199 | D:1      | Reached skill level 2 in Long Blades
   199 | D:1      | Gained mutation: You sometimes gain a little power by
                  | taking damage. [demonic ancestry]
   199 | D:1      | Reached XP level 2. HP: 17/24 MP: 2/2
   466 | D:1      | Reached XP level 3. HP: 25/29 MP: 3/3
  1002 | D:2      | Found a basalt altar of Yredelemnul.
  1225 | D:2      | Identified the +4 mace of Fortitude {drain, rN+ Will+ SInv}
  1406 | D:2      | Gained mutation: You sometimes gain power by taking damage.
                  | [demonic ancestry]
  1406 | D:2      | Reached XP level 4. HP: 31/35 MP: 4/4
  1898 | D:3      | Reached skill level 3 in Long Blades
  2448 | D:3      | Noticed a phantom
  2464 | D:3      | Killed a phantom
  2465 | D:3      | Reached skill level 1 in Dodging
  2465 | D:3      | Reached XP level 5. HP: 23/42 MP: 5/5
  3067 | D:4      | Reached XP level 6. HP: 48/48 MP: 6/6
  3194 | D:4      | Reached skill level 4 in Long Blades
  3359 | D:4      | Found a sparkling altar of Nemelex Xobeh.
  3478 | D:4      | Noticed an angel
  3490 | D:4      | Found a basalt altar of Yredelemnul.
  3639 | D:4      | Identified a scroll of acquirement
  3639 | D:4      | Acquired the +2 double sword of Animal Spirits {flame,
                  | ^Contam Will+ SInv}
  3733 | D:5      | Entered Level 5 of the Dungeon
  3735 | D:5      | Noticed an ice beast
  3744 | D:5      | Killed an ice beast
  3815 | D:5      | Gained mutation: You have large cloven feet. [demonic
                  | ancestry]
  3815 | D:5      | Reached XP level 7. HP: 51/54 MP: 7/7
  3868 | D:5      | Found a snail-covered altar of Cheibriados.
  3931 | D:5      | Reached skill level 5 in Long Blades
  4509 | D:5      | Noticed Grinder
  4531 | D:5      | Killed Grinder
  4532 | D:5      | Reached skill level 6 in Long Blades
  4532 | D:5      | Reached skill level 5 in Armour
  4532 | D:5      | Gained mutation: You are powered by pain. [demonic
                  | ancestry]
  4532 | D:5      | Reached XP level 8. HP: 35/61 MP: 8/8
  4963 | D:6      | Reached skill level 5 in Fighting
  5001 | D:6      | Found Plog's Jewellery Shoppe.
  5148 | D:6      | Noticed Sigmund
  5153 | D:6      | Killed Sigmund
  5154 | D:6      | Reached skill level 7 in Long Blades
  5685 | D:7      | Found Naguges's Weapon Emporium.
  5687 | D:7      | Found a runed translucent gate.
  5688 | D:7      | Found a runed translucent gate.
  5689 | D:7      | Found a runed translucent gate.
  5692 | D:7      | Noticed Swimmer's ghost (novice MiFi)
  5745 | D:7      | Found a flagged portal.
  5752 | D:7      | Reached skill level 8 in Long Blades
  5752 | D:7      | Gained mutation: You are partially covered in sharp spines.
                  | [demonic ancestry]
  5752 | D:7      | Reached XP level 9. HP: 44/68 MP: 9/9
  5770 | Bailey   | Entered a bailey
  6070 | Bailey   | Noticed a vault guard
  6080 | Bailey   | HP: 3/69 [vault guard/+0 broad axe (13)]
  6085 | Bailey   | Slain by a vault guard

Illustrated notes

Levels and vault maps discovered:
D:1:      minmay_arrival_radiant_lines, layout_loops_ring
D:2:      layout_basic, basic_altar, grunt_decor_junction, minmay_vboxes
D:3:      layout_loops_corners
D:4:      layout_basic, grunt_temple_overflow_holy_war,
          nicolae_overflow_hidden_temple, minmay_misc_feat_x,
          minmay_snake_closets
D:5:      layout_rooms, mainiacjoe_overflow_cross_hatched,
          chequers_serial_rivers_micro_b, grunt_ministairs_11,
          minmay_manual_maat, uniq_prince_ribbit1, uniq_grinder
D:6:      layout_cave_pods, serial_shops, shop, uniq_sigmund
D:7:      layout_loops_cross, minmay_temple_entry_mini_moons, serial_shops,
          nicolae_diamond_shop, gammafunk_ghost_necromancy, enter_bailey_5,
          uniq_menkaure
Bailey:   bailey_axe_froggy_fort_hellmonk, bailey

Skill      XL: |  1  2  3  4  5  6  7  8  9 |
---------------+----------------------------+-----
Long Blades    | 2 3 4 6 8 |  8.8
Armour         | 3 4 5 6 |  6.3
Dodging        | 1 2 |  2.0
Shields        | 3 4 |  4.6
Fighting       | 4 5 6 |  6.2
Stealth        | |  0.4

Action                     |  1- 3 |  4- 6 |  7- 9 || total
---------------------------+-------+-------+-------++-------
  Melee: Long sword        |   137 |   150 |       ||   287
         Double sword      |       |     9 |   186 ||   195
         Kick              |       |       |    41 ||    41
    Use: Scroll            |     2 |    13 |     3 ||    18
         Potion            |       |     1 |     3 ||     4
 Armour: Scale mail        |    93 |    99 |    30 ||   222
         Chain mail        |       |       |    33 ||    33
         Plate armour      |       |       |   123 ||   123
  Dodge: Dodged            |    61 |    87 |    49 ||   197
  Block: Buckler           |    20 |    44 |    28 ||    92
         Kite shield       |       |       |    46 ||    46
